 Dungeon Crawl Stone Soup version 0.20.1-1-g8b1a95d (webtiles) character file.

804 schauveau the Cudgeler (level 7, -2/44 HPs)
             Began as a Gargoyle Fighter on Dec 3, 2017.
             Slain by an ogre
             ... wielding a +0 giant club
              (8 damage)
             ... on level 5 of the Dungeon.
             The game lasted 00:09:37 (4332 turns).

schauveau the Cudgeler (Gargoyle Fighter)           Turns: 4332, Time: 00:09:38

Health: -2/44      AC: 20    Str: 21    XL:     7   Next: 91%
Magic:  7/7        EV:  7    Int:  8    God:
Gold:   255        SH:  4    Dex: 10    Spells: 6/6 levels left

rFire    . . .     SeeInvis +   a - +2 flail
rCold    . . .     Gourm    .   (no shield)
rNeg     + . .     Faith    .   n - +0 chain mail
rPois    ∞         Spirit   .   c - +2 helmet
rElec    +         Reflect  +   (no cloak)
rCorr    .         Harm     .   i - +0 pair of gloves
MR       .....                  y - +0 pair of boots
Stlth    ..........             m - +4 amulet of reflection
Regen    0.2/turn               h - ring of see invisible
MPRegen  0.1/turn               s - ring of stealth

@: no status effects
A: negative energy resistance 1, electricity resistance, unbreathing,
petrification resistance, rot immunity, AC +4
a: no special abilities


You were on level 5 of the Dungeon.
You were not hungry.

You visited 1 branch of the dungeon, and saw 5 of its levels.

You collected 255 gold pieces.

Inventory:

Hand Weapons
 a - a +2 flail (weapon)
Missiles
 e - 20 poisoned needles
 q - 34 bolts
 v - 5 tomahawks (quivered)
 B - 6 curare-tipped needles
Armour
 c - a +2 helmet (worn)
 i - a +0 pair of gloves (worn)
 n - a +0 chain mail (worn)
 y - a +0 pair of boots (worn)
Jewellery
 h - a ring of see invisible (left hand)
 m - a +4 amulet of reflection (around neck)
 s - a ring of stealth (right hand)
 C - an uncursed amulet of magic regeneration {unknown}
Wands
 r - a wand of polymorph (11/24)
Scrolls
 g - 3 scrolls of teleportation
 o - 2 scrolls of amnesia
 u - 3 scrolls of remove curse
 D - a scroll of magic mapping {unknown}
 F - a scroll of identify
Potions
 b - 3 potions of curing
 d - 2 potions of might
 j - a potion of brilliance {unknown}
 l - a potion of resistance {unknown}
 p - 3 potions of flight
 t - a potion of agility
 w - a potion of berserk rage {unknown}
 z - 2 potions of mutation
 A - a potion of heal wounds {unknown}
 E - a potion of haste {unknown}
 G - a potion of cancellation {unknown}
Comestibles
 f - 5 bread rations
 k - a fruit
 x - a royal jelly
 H - a chunk of flesh


   Skills:
 + Level 5.5 Fighting
 * Level 6.3 Maces & Flails
 + Level 5.8 Armour
   Level 3.2 Shields


You had 6 spell levels left.
You didn't know any spells.

Dungeon Overview and Level Annotations

Branches:
Dungeon (5/15)
 Temple: D:4-7

Altars:


Innate Abilities, Weirdness & Mutations

You are resistant to torment.
Your stone body is resilient. (AC +4)
You are immune to poison.
You resist negative energy. (rN+)
You are resistant to electric shocks. (rElec)
You can survive without breathing.
You are immune to petrification.
You are immune to rotting.


Message History

The ogre is moderately wounded.
You closely miss the ogre.
The ogre is moderately wounded.
The ogre hits you with a giant club!!
You sock the ogre!
The ogre is severely wounded.
The ogre hits you but does no damage.
You hit the ogre.
The ogre is severely wounded.
The ogre closely misses you.
You hit the ogre.
The ogre is severely wounded.
The ogre hits you with a giant club!
* * * LOW HITPOINT WARNING * * *
You hit the ogre.
The ogre is almost dead.
You hit the ogre.
The ogre is almost dead.
The ogre hits you with a giant club!
You die...

#####################
.(((.(O@............#
##...########.##..#.#
#. ####.#.....#
#....#.#..##
#.####.#..##
#.#....##..#
#.####.###.# #.#
#...#.# #.######.#.#


You could see an ogre.

Vanquished Creatures
  A phantom (D:4)
  An ogre (D:4)
  A howler monkey (D:4)
  4 orc priests
  2 iguanas
  5 orc wizards
  3 worker ants (D:4)
  A hound skeleton (D:4)
  Robin (D:2)
  An adder (D:3)
  3 gnolls (D:3)
  An ooze (D:3)
  4 worms
  4 dart slugs
  6 leopard geckos
  16 orcs
  3 ball pythons
  4 giant cockroaches
  15 goblins
  16 hobgoblins
  3 quokkas
  7 bats
  8 frilled lizards
  A jackal skeleton (D:4)
  8 kobolds (D:1)
  9 rats
128 creatures vanquished.

Notes
Turn   | Place    | Note
-------+----------+-------------------------------------------
     0 | D:1      | schauveau the Gargoyle Fighter began the quest for the Orb.
     0 | D:1      | Reached XP level 1. HP: 14/14 MP: 1/1
   106 | D:1      | Reached XP level 2. HP: 19/19 MP: 2/2
   398 | D:1      | Reached XP level 3. HP: 24/24 MP: 3/3
  1088 | D:2      | Noticed Robin
  1090 | D:2      | Reached skill level 3 in Maces & Flails
  1090 | D:2      | Reached XP level 4. HP: 24/29 MP: 4/4
  1098 | D:2      | Killed Robin
  1721 | D:3      | Reached XP level 5. HP: 22/33 MP: 5/5
  1976 | D:3      | Reached skill level 4 in Maces & Flails
  2593 | D:4      | Noticed a phantom
  2599 | D:3      | Reached XP level 6. HP: 36/39 MP: 6/6
  2916 | D:4      | Reached skill level 5 in Armour
  3202 | D:4      | Reached skill level 5 in Maces & Flails
  3530 | D:4      | Killed a phantom
  3530 | D:4      | Reached skill level 5 in Fighting
  3530 | D:4      | Reached XP level 7. HP: 33/44 MP: 7/7
  3817 | D:4      | Reached skill level 6 in Maces & Flails
  3860 | D:5      | Entered Level 5 of the Dungeon
  4332 | D:5      | Slain by an ogre

Skill      XL: |  1  2  3  4  5  6  7 |
---------------+----------------------+-----
Armour         | 4 5 |  5.8
Maces & Flails | 3 4 5 6 |  6.3
Fighting       | 4 5 |  5.5
Shields        | |  3.2

Action                   |  1- 3 |  4- 6 |  7- 9 || total
-------------------------+-------+-------+-------++-------
Melee: Flail             |   130 |   284 |    89 ||   503
Throw: Tomahawk          |       |       |     5 ||     5
  Use: Scroll            |       |    12 |       ||    12
       Potion            |       |     1 |       ||     1
  Eat: Chunk             |     1 |     8 |     3 ||    12
Armor: Scale mail        |    16 |       |       ||    16
       Chain mail        |    68 |   215 |    42 ||   325
Dodge: Dodged            |    46 |   140 |    33 ||   219
Block: Other             |       |     6 |    10 ||    16
